 Dungeon Sprint DCSS version 0.20.0-15-g7f486f2 (webtiles) character file.

994 Azzok the Unseen (level 7, -6/32 HPs)
             Began as a Spriggan Enchanter on June 13, 2017.
             Was an Initiate of Dithmenos.
             Shot with an arrow by a centaur warrior (19 damage)
             ... in the Dungeon (Sprint I: "Red Sonja").
             The game lasted 00:02:02 (530 turns).

Azzok the Unseen (Spriggan Enchanter)                Turns: 530, Time: 00:02:02

Health: -6/32      AC:  2    Str:  6    XL:     7   Next: 99%
Magic:  17/19      EV: 18    Int: 17    God:    Dithmenos [......]
Gold:   317        SH:  0    Dex: 16    Spells: 15/21 levels left

rFire    . . .     SeeInvis +   a - +1 dagger
rCold    . . .     Gourm    .   (shield restricted)
rNeg     . . .     Faith    .   b - +0 robe
rPois    .         Spirit   .   (helmet restricted)
rElec    .         Reflect  .   (no cloak)
rCorr    .         Harm     .   (gloves unavailable)
MR       +....     NoTele   +   (boots unavailable)
Stlth    ++++++....             (no amulet)
Regen    0.1/turn               (no ring)
MPRegen  0.2/turn               (no ring)

@: very quick
A: unfitting armour, see invisible, herbivore 3, speed 3, slow metabolism 2
a: Renounce Religion


You were in the Dungeon.
You worshipped Dithmenos.
Dithmenos was noncommittal.
You were not hungry.

You visited 1 branch You collected 317 gold pieces.

Inventory:

Hand Weapons
 a - a +1 dagger (weapon)
Armour
 b - a +0 robe (worn)
Scrolls
 i - a scroll of remove curse {unknown}
 j - a scroll of blinking
Potions
 e - a potion of curing
 f - a potion of heal wounds
 g - a potion of haste
 h - 2 potions of magic
Books
 c - a book of Maledictions

   Spells                             Type                      Level
   a - Corona                         Hexes                        1
   b - Ensorcelled Hibernation        Hexes/Ice                    2
   c - Confuse                        Hexes                        3
   d - Tukima's Dance                 Hexes                        3
   e - Dazzling Spray                 Conjuration/Hexes            3
Comestibles
 d - a bread ration


   Skills:
 + Level 11.6 Short Blades
 - Level 3.0 Dodging
 + Level 16.0 Stealth
 - Level 7.8 Spellcasting
 - Level 8.2 Hexes


You had 15 spell levels left.
You knew the following spells:

 Your Spells              Type           Power        Failure   Level  Hunger
a - Corona                Hex            ####...      1%          1    None
b - Ensorcelled Hibernat  Hex/Ice        ###...       3%          2    None
c - Confuse               Hex            ####....     1%          3    #......


Dungeon Overview and Level Annotations

Branches:
Dungeon (1/1)

Altars:
Cheibriados
Dithmenos
Elyvilon
Fedhas
Gozag
Hepliaklqana
Kikubaaqudgha
Nemelex Xobeh
Okawaru
Qazlal
Ru
Sif Muna
Trog
Uskayaw
Vehumet
Yredelemnul
Zin
The Shining One

Shops:
D %


Innate Abilities, Weirdness & Mutations

You are very small and have problems with some larger weapons.
You are too small for most types of armour.
You have supernaturally acute eyesight. (SInv)
You are a herbivore.
You cover ground extremely quickly.
You need consume almost no food.


Message History

Moving in this stuff is going to be slow.
Found a scale mail and a pair of boots.
A centaur warrior comes into view.
The centaur warrior wields a shortbow.
The centaur warrior shoots an arrow.
The arrow hits you!!
Ouch! That really hurt!
The centaur warrior shouts!
You see here an arrow.
You hit the centaur warrior.
The centaur warrior is lightly wounded.
Casting: Ensorcelled Hibernation
Confirm with . or Enter, or press ? or * to list all spells.
Aiming: Ensorcelled Hibernation
Press: ? - help, Shift-Dir - straight line, f - centaur warrior
Aim: a centaur warrior (purple smoke, lightly wounded, chance to defeat MR: 32%)
The centaur warrior easily resists.
The centaur warrior completely misses you.
The centaur warrior shoots an arrow.
The arrow hits you!!
Ouch! That really hurt!
You die...

▒▒▒▒▒▒▒▒▒▒▒▒▒
▒·))··▒·)'··▒
'··▒··'··▒··╬
▒▒▒▒▒'▒▒▒▒▒'▒ ▒▒▒
▒▒▒▒··▒···▒·▒▒▒▒§[▒
▒__▒▒▒▒··▒▒·▒§§§§c▒
▒_____▒▒'▒)§§§§§§§╬
▒_·∩···†···_▒§§§@c▒
▒_··__▒▒_·▒╬▒▒╬▒▒▒▒
▒_____▒▒▒'▒ ▒▒▒▒▒▒▒
▒·▒ $·$ $·$ ▒▒·▒▒
▒╬▒


You could see 2 centaur warriors.

Vanquished Creatures
  Sonja (D)
  Sigmund (D)
  A yak (D)
  An ogre (D)
  A jelly (D)
  Ijyb (D)
6 creatures vanquished.

Notes
Turn   | Place    | Note
-------+----------+-------------------------------------------
     0 | D        | Azzok the Spriggan Enchanter began the quest for the Orb.
     0 | D        | Reached XP level 1. HP: 9/9 MP: 5/5
     1 | D        | Noticed Ijyb
    52 | D        | Killed Ijyb
    52 | D        | Reached skill level 6 in Stealth
    52 | D        | Reached XP level 2. HP: 5/13 MP: 2/8
   271 | D        | Learned a level 2 spell: Ensorcelled Hibernation
   271 | D        | Noticed an ogre
   274 | D        | Killed an ogre
   274 | D        | Reached skill level 5 in Short Blades
   274 | D        | Reached skill level 8 in Stealth
   274 | D        | Reached XP level 3. HP: 16/16 MP: 4/11
   274 | D        | Reached XP level 4. HP: 21/21 MP: 4/13
   347 | D        | Learned a level 3 spell: Confuse
   349 | D        | Noticed Sigmund
   352 | D        | Killed Sigmund
   352 | D        | Reached skill level 10 in Stealth
   352 | D        | Reached XP level 5. HP: 24/24 MP: 14/16
   380 | D        | Found a deep blue altar of Sif Muna.
   382 | D        | Found a radiant altar of Vehumet.
   386 | D        | Reached skill level 11 in Stealth
   386 | D        | Reached XP level 6. HP: 28/28 MP: 17/17
   410 | D        | Found Ynishy's Food Emporium.
   410 | D        | Found an ancient bone altar of Kikubaaqudgha.
   410 | D        | Found a hazy altar of Hepliaklqana.
   410 | D        | Found a hide-covered altar of Uskayaw.
   410 | D        | Found a basalt altar of Yredelemnul.
   410 | D        | Found an opulent altar of Gozag.
   410 | D        | Found a snail-covered altar of Cheibriados.
   410 | D        | Found a sacrificial altar of Ru.
   410 | D        | Found a shadowy altar of Dithmenos.
   410 | D        | Noticed a yak
   411 | D        | Found a stormy altar of Qazlal.
   411 | D        | Found a blossoming altar of Fedhas.
   411 | D        | Found a bloodstained altar of Trog.
   411 | D        | Found an iron altar of Okawaru.
   411 | D        | Found a glowing golden altar of the Shining One.
   411 | D        | Found a glowing silver altar of Zin.
   411 | D        | Found a white marble altar of Elyvilon.
   416 | D        | Killed a yak
   416 | D        | Reached skill level 12 in Stealth
   418 | D        | Found a sparkling altar of Nemelex Xobeh.
   491 | D        | Became a worshipper of Dithmenos the Shadowed
   501 | D        | Noticed Sonja
   504 | D        | Killed Sonja
   504 | D        | Reached skill level 16 in Stealth
   504 | D        | Reached XP level 7. HP: 32/32 MP: 16/19
   525 | D        | Noticed a centaur warrior
   527 | D        | Noticed a centaur warrior
   530 | D        | Shot with an arrow by a centaur warrior

Skill      XL: |  1  2  3  4  5  6 |
---------------+-------------------+-----
Short Blades   | 3 5 6 7 11 | 11.6
Stealth        | 6 8 10 11 16 | 16.0
Spellcasting   | 4 6 7 |  7.8
Hexes          | 4 6 8 |  8.2
Dodging        | |  3.0

Action                   |  1- 3 |  4- 6 |  7- 9 || total
-------------------------+-------+-------+-------++-------
Melee: Dagger            |    43 |     5 |     1 ||    49
 Cast: Corona            |     6 |       |       ||     6
       Ensorcelled Hiber |     2 |     3 |     1 ||     6
  Use: Potion            |     1 |       |       ||     1
 Stab: Sleeping          |     2 |     4 |       ||     6
Armor: Robe              |     3 |       |       ||     3
Dodge: Dodged            |    34 |     2 |     1 ||    37
